[Event "EU-ch 12th"]
[Site "Aix les Bains"]
[Date "2011.03.30"]
[Round "8"]
[White "Fressinet, Laurent"]
[Black "Mastrovasilis, Dimitrios"]
[Result "1-0"]
[ECO "D53"]
[WhiteElo "2693"]
[BlackElo "2584"]
[Annotator "Marchand,A/Primel,D"]
[PlyCount "45"]
[EventDate "2011.03.22"]
[EventType "swiss"]
[EventRounds "11"]
[EventCountry "FRA"]
[SourceTitle "CBM 142 Extra"]
[Source "ChessBase"]
[SourceDate "2011.06.27"]
[SourceVersion "1"]
[SourceVersionDate "2011.06.27"]
[SourceQuality "1"]
[TimeControl "40/5400+30:1800+30"]

1. d4 Nf6 2. c4 e6 3. Nc3 d5 4. Bg5 Nbd7 (4... Be7 5. Nf3 h6 6. Bxf6 Bxf6 7. e3
c6 8. Qc2 O-O (8... dxc4) 9. O-O-O) 5. e3 h6 {Cette vieille idée de Marshall
est assez peu jouée mais le grec l'avait utilisée dans une partie récente} (
5... c6) (5... Be7) 6. Bxf6 $5 {La préparation du français} (6. Bh4 {La grande
ligne} Be7 {Nikolaidis,I (2493)-Mastrovasilis,A (2539) Leros Artemis Cup 2nd
2010 (4) 1/2}) 6... Nxf6 7. Nf3 Be7 (7... c6) 8. Bd3 (8. c5 $5 {[%csl Re7];
Engel,J-Marshall,F Brno 1928 (6) 0-1}) (8. Qc2 c6 9. Bd3 O-O) (8. cxd5) 8... dxc4 (8... O-O $142 9. O-O c5 10. Qe2 b6 11. Rad1 Qc7 {
Kan,I-Sergeev,A Moscow 1932 0-1} (11... cxd4 $142 12. exd4 Bb7 $11 (12... dxc4 ))) (8... c6 9. O-O O-O) 9. Bxc4 (9. Qa4+ $5 {Un peu bizarre mais
évite de rejouer le B} c6 (9... Bd7 10. Qxc4 O-O 11. O-O Rc8) 10. Qxc4 O-O 11.
O-O $14) 9... a6 10. O-O c5 {Avec un léger retard de développement, ce coup
est assez risqué pour les Noirs et le roque était plus souple} (10... O-O $142
11. Ne5 (11. Rc1 b5 12. Bb3 Bb7 $132) 11... c5 (11... b5 12. Qf3) 12. Qf3 cxd4
13. Rfd1 Qc7 14. exd4 Bd6 15. Ne4 (15. Rac1
Bxe5) 15... Bxe5 16. dxe5 Qxe5 17. Nxf6+ Qxf6 18. Qxf6 gxf6 19. Rac1 $44 ) 11. Ne5 $1 O-O (11... cxd4 12. exd4 O-O 13. Bb3 b5 14. Nc6 Qc7 15. Nxe7+ Qxe7 $11)
12. Bb3 (12. Qf3 $5 cxd4 13. Rfd1 $44 ) 12... Qc7 $6 (12... b5
13. Nc6 (13. Qf3 Qb6 $1 ) 13... Qc7 14. Nxe7+ Qxe7 $11) (
12... cxd4 13. exd4 b5 14. Qf3 Qb6 $1 15. Qxa8 Bb7) 13. Rc1 $1 {[%csl Rc7]
[%cal Gc1c7] La position noire ne parait pas très saine} b6 14. f4 (14. Qf3 Bb7
15. Qg3 Rac8 16. Rfd1 (16. Qh3 )) 14... Bb7 15. f5 $1 Bd6 (15... exf5 16. Rxf5 Rac8 17. Ng6 $1 Rfd8 18. Ne5 (
18. Nxe7+ $2 Qxe7 ) 18... Rf8) 16. fxe6 Bxe5
17. exf7+ Kh8 18. dxe5 Qxe5 19. Ne2 Nd5 $2 {Une décision curieuse mais les
Noirs étaient déjà en zeitnot. Pourquoi ne pas prendre le P e3 sur échec?} (
19... Qxe3+ 20. Kh1 Ng4 21. Qe1 Qh3 $3 ) (19... Ng4 20. Nf4 Qxe3+) 20. Qd3 Rad8 $2 $138 {Les Noirs avaient
moins de 10 mns pour passer le contrôle de temps} (20... Qxe3+ 21. Qxe3 Nxe3
22. Nf4 Nxf1 23. Rxf1 Be4 24. Ne6 g6) 21. Rcd1 $18 Qe7 22. Bc2
Nf6 23. Nf4 1-0

[Event "Match/Team URS-World 20,5-19,5"]
[Site "Belgrade"]
[Date "1970.04.04"]
[Round "4.4"]
[White "Polugaevsky, Lev"]
[Black "Hort, Vlastimil"]
[Result "1/2-1/2"]
[ECO "D53"]
[WhiteElo "2640"]
[BlackElo "2610"]
[Annotator "Polugaevsky/Hort"]
[PlyCount "71"]
[EventDate "1970.03.29"]
[EventType "team"]
[EventRounds "4"]
[EventCountry "YUG"]
[SourceTitle "MCL"]
[Source "ChessBase"]
[SourceDate "1999.07.01"]
[SourceVersion "1"]
[SourceVersionDate "1999.07.01"]
[SourceQuality "1"]
[WhiteTeam "World"]
[BlackTeam "World"]
[TimeControl "40/9000:16/5400:0"]

1. c4 Nf6 2. Nc3 e6 3. d4 d5 4. Bg5 Be7 5. e3 h6 6. Bh4 b6 $6 {Hort=:H} 7. cxd5
Nxd5 8. Bxe7 Qxe7 9. Nxd5 exd5 10. Rc1 (10. Be2 Be6 11. Bf3 Qb4+ 12. Qd2 Qxd2+
13. Kxd2 Nd7 14. Ne2 Nf6 15. Rhc1 Kd7 16. Nf4 Rhc8 17. Nd3 c6 18. b4 Kd6 19.
Bd1 a5 20. a3 Rc7 21. f3 axb4 22. axb4 Rca7 23. Rxa7 Rxa7 24. Ne5 Ra2+ 25. Rc2
Rxc2+ {1/2-1/2 (25) Portisch,L-Barcza,G Kecskemet 1966}) 10... Bb7 $146 (10...
O-O 11. Ne2 Rd8 12. Nc3 c5 13. Be2 Be6 14. O-O cxd4 15. Qxd4 Nc6 16. Qa4 d4 17.
exd4 Nxd4 18. Ba6 Rd7 19. Rfe1 Rad8 20. Re5 Qf6 21. Rce1 Qg6 22. Kh1 Nc2 23.
Rf1 Rd4 24. Qb5 Bc4 25. Re8+ Kh7 26. Qxc4 Rxe8 27. Qc7 Rd2 28. Qb7 Re1 29. Kg1
Qf5 {0-1 (29) Lilienthal,A-Usachyi,M Moscow 1955}) 11. Ne2 Qb4+ (11... O-O $142
{P}) 12. Qd2 Qxd2+ 13. Kxd2 Kd7 $1 {P} 14. h4 Nc6 15. Nf4 Kd6 16. h5 Ne7 (16...
Nd8 17. Rh3 Ne6 18. Nxe6 fxe6 19. Rg3 $16 {P/H}) 17. Be2 (17. Bd3 {P h1-h3-g3}
Bc8 {P d7 P}) 17... c5 $2 {P/H} (17... c6 $142 {P c8-d7 P/ P a8-c8-c7 H}) 18.
dxc5+ $1 {P} bxc5 19. Bf3 Rab8 20. Rhd1 Rhd8 21. Ke1 Bc6 $2 {H} (21... a5 22.
Nd3 Rbc8 23. b3 {P b2} a4 {H}) 22. b3 a5 23. Nd3 Rb5 24. Nb2 $1 $16 {P/H} Kc7
25. Na4 (25. Rd2 $142 {P/H}) 25... c4 26. bxc4 dxc4 27. Rxc4 (27. Rxd8 $142
Kxd8 28. Bxc6 Nxc6 29. Rxc4 Ne5 $16 {P}) 27... Rxd1+ 28. Bxd1 $2 {H} (28. Kxd1
Kd6 29. Bxc6 Nxc6 $18 {H}) 28... Kd6 29. g3 $2 {P} (29. Rd4+ Rd5 (29... Kc7 30.
g3 Nd5 31. Bb3 $16) 30. Rf4 $1 {P 31. b3 P}) 29... Nd5 30. Nc3 Nxc3 (30... Rb2
31. Rd4 $1 (31. Rxc6+ Kxc6 32. Bf3 Kd6 33. Bxd5 Rc2 $17 {H}) 31... Kc5 32.
Rxd5+ $1 $18 {H}) 31. Rxc3 Bd5 32. a3 Rb2 33. Rd3 Kc5 $10 {H} 34. Rc3+ Kd6 35.
Rd3 Kc5 36. Rc3+ 1/2-1/2